 Dungeon Crawl Stone Soup version 0.29.1-1-gd02db6906a (webtiles) character file.

Game seed: 13257660173232603246

1080 Earthwalker the Covered (level 8, -10/68 HPs)
             Began as a Minotaur Fighter on Oct 8, 2022.
             Was an Initiate of Gozag.
             Mangled by an orc warrior
             ... wielding a +0 glaive
              (15 damage)
             ... on level 6 of the Dungeon.
             The game lasted 00:24:19 (5706 turns).

Earthwalker the Covered (Minotaur Fighter)          Turns: 5706, Time: 00:24:20

Health: -10/68     AC:  7    Str: 21    XL:     8   Next: 8%
Magic:  9/9        EV: 10    Int:  5    God:    Gozag
Gold:   290        SH:  5    Dex: 12    Spells: 10/10 levels left

rFire   x . .      SeeInvis .   f - +1 spear (freeze)
rCold   + . .      Faith    .   c - +0 buckler
rNeg    + . .      Spirit   .   b - +0 scale mail
rPois   .          Reflect  .   (helmet restricted)
rElec   .          Harm     .   (no cloak)
rCorr   .          Rampage  .   (no gloves)
Will    .....                   (no boots)
Stlth   ..........              (no amulet)
HPRegen 0.21/turn               t - ring of positive energy
MPRegen 0.11/turn               l - ring of ice

@: gold aura
A: horns 2, retaliatory headbutt
a: Renounce Religion, Potion Petition, Call Merchant, Bribe Branch


You were on level 6 of the Dungeon.
You worshipped Gozag.
Gozag was aware of your devotion.
You visited 2 branches of the dungeon, and saw 7 of its levels.

You collected 408 gold pieces.
You paid 118 gold pieces to Gozag.

Inventory:

Hand Weapons
 a - a +0 trident
 f - a +1 spear of freezing (weapon)
 k - the +11 falchion "Orb Guardian's Peril" {flame, Will+ Stlth+}
   (You found it on level 5 of the Dungeon)

   It burns those it strikes, dealing additional fire damage.
   Big, fiery blades are also staple armaments of hydra-hunters.
   Will:      It increases your willpower.
   Stlth:     It makes you more stealthy.
Missiles
 w - 7 poisoned darts (quivered)
Armour
 b - a +0 scale mail (worn)
 c - a +0 buckler (worn)
Magical Staves
 u - a staff of earth
Jewellery
 j - a ring of magical power
 l - a ring of ice (right hand)
 t - a ring of positive energy (left hand)
Wands
 m - a wand of polymorph (13)
Scrolls
 e - a scroll of fog
 g - 2 scrolls of identify
 i - 2 scrolls of magic mapping
 o - 4 scrolls of noise
 r - a scroll of teleportation
 v - a scroll of fear
 x - a scroll of amnesia {unknown}
Potions
 d - a potion of might
 h - 3 potions of cancellation
 n - 2 potions of degeneration
 p - a potion of curing
 q - a potion of lignification
 s - 3 potions of mutation


   Skills:
 * Level 5.1 Fighting
 * Level 6.4 Polearms
 * Level 6.7 Armour
 * Level 2.8 Dodging
 * Level 5.1 Shields
 * Level 1.5 Spellcasting
 * Level 1.9 Earth Magic


You had 10 spell levels left.
You didn't know any spells.
Your spell library contained the following spells:

 Spells                   Type           Power      Damage    Failure   Level
 Passwall                 Tmut/Erth      0%         N/A       83%         2
 Ensorcelled Hibernation  Hex/Ice        0%         N/A       92%         2
 Swiftness                Air            0%         N/A       99%         3


Dungeon Overview and Level Annotations

Branches:
Dungeon (6/15)             Temple (1/1) D:5

Altars:
Ashenzari
Cheibriados
Dithmenos
Fedhas
Gozag
Kikubaaqudgha
Nemelex Xobeh
Qazlal
Ru
Sif Muna
Trog
Vehumet
Wu Jian
Yredelemnul
Zin
The Shining One

Shops:
D:5 *

Annotations:
D:3 1 runed translucent door, Kaiern's ghost, amateur OpHu


Innate Abilities, Weirdness & Mutations

You have a pair of horns on your head.
You reflexively headbutt those who attack you in melee.


Message History

You closely miss the orc priest.
The orc priest is heavily wounded.
Unknown command.
You hit the orc priest but do no damage.
The orc priest is heavily wounded.
The orc warrior hits you with a +0 glaive.
The orc priest closely misses you.
You closely miss the orc priest.
The orc priest is heavily wounded.
You block the orc warrior's attack. The orc priest closely misses you.
You closely miss the orc priest.
The orc priest is heavily wounded.
The orc warrior hits you with a +0 glaive!
The orc priest hits you with a +0 hand axe.
You hit the orc priest. You freeze the orc priest.
The orc priest is almost dead.
The orc warrior completely misses you. You furiously retaliate!
You headbutt the orc warrior, but do no damage.
The orc priest mumbles some strange prayers to Beogh against you.
Pain shoots through your body!
You closely miss the orc priest.
The orc priest is almost dead.
The orc warrior hits you but does no damage.
The orc priest casts a cantrip, but nothing happens.
You closely miss the orc priest. You headbutt the orc priest.
You kill the orc priest!
The orc warrior hits you with a +0 glaive!
You barely miss the orc warrior. You barely miss the orc warrior.
The orc warrior hits you with a +0 glaive!!
* * * LOW HITPOINT WARNING * * *
You puncture the orc warrior! You freeze the orc warrior.
You headbutt the orc warrior.
The orc warrior is heavily wounded.
You block the orc warrior's attack.
You hit the orc warrior but do no damage.
The orc warrior is heavily wounded.
The orc warrior hits you with a +0 glaive!
You die...
Your body crumbles into a pile of gold.

. ##o #.. #.#
#.# #.#
#####$###
#....o@.#
#.......#
#.......#####
####.........
######....#####
..........#
.........##
.........#
.........#


You could see an orc warrior.

Vanquished Creatures
  2 phantoms
  A kobold brigand (D:6)
  Blork the orc (D:4)
  2 scorpions (D:5)
  4 wights (D:6)
  2 orc priests
  A hound (D:3)
  A jelly (D:5)
  2 iguanas
  4 orc wizards
  3 adders
  7 gnolls
  2 ufetubi (D:4)
  4 dart slugs
  11 orcs
  9 ball pythons
  4 endoplasms
  2 giant cockroaches
  7 hobgoblins
  3 jackals
  2 quokkas
  10 bats
  2 frilled lizards (D:2)
  9 goblins
  11 kobolds
  7 rats
113 creatures vanquished.

Vanquished Creatures (others)
  A human (D:5)
1 creature vanquished.

Grand Total: 114 creatures vanquished

Notes
Turn   | Place    | Note
-------+----------+-------------------------------------------
     0 | D:1      | Earthwalker the Minotaur Fighter began the quest for the
                  | Orb.
     0 | D:1      | Reached XP level 1. HP: 19/19 MP: 0/0
   167 | D:1      | Reached XP level 2. HP: 27/27 MP: 1/1
  1555 | D:2      | Reached XP level 3. HP: 33/33 MP: 2/2
  1594 | D:2      | Found a glowing golden altar of the Shining One.
  1788 | D:2      | Found a faded altar of an unknown god.
  1998 | D:2      | Reached XP level 4. HP: 18/40 MP: 3/3
  2869 | D:3      | Found a runed translucent door.
  2874 | D:3      | Noticed Kaiern's ghost (amateur OpHu)
  3334 | D:4      | Noticed a phantom
  3354 | D:3      | Reached XP level 5. HP: 30/46 MP: 4/4
  3467 | D:4      | Killed a phantom
  3468 | D:4      | Reached skill level 5 in Armour
  3468 | D:4      | Reached skill level 1 in Dodging
  3468 | D:4      | Reached skill level 1 in Earth Magic
  3662 | D:4      | Reached XP level 6. HP: 49/52 MP: 6/6
  3669 | D:4      | Noticed Blork the orc
  3690 | D:4      | Killed Blork the orc
  3876 | D:4      | Reached skill level 1 in Spellcasting
  4572 | D:5      | Entered Level 5 of the Dungeon
  4636 | D:5      | Identified the +11 falchion "Orb Guardian's Peril" {flame,
                  | Will+ Stlth+}
  4764 | D:5      | Reached skill level 5 in Polearms
  4764 | D:5      | Reached XP level 7. HP: 53/60 MP: 7/7
  4817 | D:5      | Found Ogathrunn's Assorted Antiques.
  5019 | D:5      | Found an ancient bone altar of Kikubaaqudgha.
  5020 | D:5      | Noticed a human
  5022 | D:5      | Killed a human
  5171 | D:5      | Found a staircase to the Ecumenical Temple.
  5180 | Temple   | Entered the Ecumenical Temple
  5186 | Temple   | Became a worshipper of Gozag Ym Sagoz the Greedy
  5395 | D:6      | Reached skill level 5 in Shields
  5619 | D:6      | Reached skill level 5 in Fighting
  5619 | D:6      | Reached XP level 8. HP: 62/67 MP: 9/9
  5706 | D:6      | Mangled by an orc warrior

Illustrated notes

Levels and vault maps discovered:
D:1:      dpeg_arrival_court, layout_loops_corners, serial_rivers,
          chequers_serial_rivers_micro_d, chequers_serial_rivers_room_b,
          chequers_serial_rivers_micro_d, chequers_serial_rivers_micro_c,
          chequers_serial_rivers_small_3, chequers_serial_rivers_micro_d,
          corexii_corridor_pit
D:2:      layout_basic, hellmonk_ecumenical_altar_lost_god, basic_altar,
          st_stairs_2
D:3:      layout_loops_ring, ebering_ghost_reflecting_pool
D:4:      layout_rooms, uniq_blork_the_orc
D:5:      layout_rooms, tgw_kikubaaqudgha, minmay_temple_entry_fiery,
          serial_shops, nicolae_shop_trees
D:6:      layout_basic, serial_shops, shop
Temple:   eino_wide_crystal_templ

Skill      XL: |  1  2  3  4  5  6  7 |
---------------+----------------------+-----
Shields        | 4 5 |  5.1
Armour         | 4 5 6 |  6.7
Polearms       | 3 4 5 6 |  6.4
Fighting       | 4 5 |  5.1
Dodging        | 1 2 |  2.8
Earth Magic    | 1 |  1.9
Spellcasting   | 1 |  1.5

Action                   |  1- 3 |  4- 6 |  7- 9 || total
-------------------------+-------+-------+-------++-------
Melee: Spear             |   110 |   192 |    76 ||   378
       Trident           |     3 |       |       ||     3
       Headbutt          |    16 |    38 |    18 ||    72
  Use: Scroll            |     3 |     8 |     2 ||    13
Armor: Scale mail        |    38 |    62 |    17 ||   117
Dodge: Dodged            |    44 |    89 |    27 ||   160
Block: Buckler           |    22 |    35 |    14 ||    71
